 Dungeon Crawl Stone Soup version 0.20.0-15-g7f486f2 (webtiles) character file.

59 skittles the Firebug (level 3, -2/26 HPs)
             Began as a Draconian Fire Elementalist on June 15, 2017.
             Slain by a hobgoblin (5 damage)
             ... on level 2 of the Dungeon.
             The game lasted 00:04:29 (1910 turns).

skittles the Firebug (Draconian Fire Elementalist)  Turns: 1910, Time: 00:04:29

Health: -2/26      AC:  5    Str: 10    XL:     3   Next: 78%
Magic:  1/7        EV: 12    Int: 16    God:
Gold:   101        SH:  0    Dex: 11    Spells: 3/7 levels left

rFire    . . .     SeeInvis .   j - +0 whip
rCold    . . .     Gourm    .   (no shield)
rNeg     . . .     Faith    .   (armour unavailable)
rPois    .         Spirit   .   (helmet restricted)
rElec    .         Reflect  .   (no cloak)
rCorr    .         Harm     .   (no gloves)
MR       .....                  (no boots)
Stlth    ++........             (no amulet)
Regen    0.1/turn               (no ring)
MPRegen  0.1/turn               (no ring)

@: no status effects
A: unfitting armour, cold-blooded, AC +5
a: no special abilities


You were on level 2 of the Dungeon.
You were hungry.

You visited 1 branch of the dungeon, and saw 2 of its levels.

You collected 101 gold pieces.

Inventory:

Hand Weapons
 j - a +0 whip (weapon)
Scrolls
 c - a scroll of magic mapping {unknown}
 i - a scroll of amnesia {unknown}
Potions
 f - a potion of haste {unknown}
 g - a potion of agility {unknown}
 h - a potion of curing {unknown}
 k - a potion of brilliance {unknown}
Books
 a - a book of Flames

   Spells                             Type                      Level
   a - Flame Tongue                   Conjuration/Fire             1
   b - Throw Flame                    Conjuration/Fire             2
   c - Conjure Flame                  Conjuration/Fire             3
   d - Inner Flame                    Hexes/Fire                   3
   e - Sticky Flame                   Conjuration/Fire             4
   f - Fireball                       Conjuration/Fire             5
Comestibles
 b - 2 bread rations
 d - 2 chunks of flesh


   Skills:
 - Level 1.7 Dodging
 - Level 1.7 Stealth
 + Level 2.9 Spellcasting
 + Level 2.1 Conjurations
 + Level 3.6 Fire Magic


You had 3 spell levels left.
You knew the following spells:

 Your Spells              Type           Power        Failure   Level  Hunger
a - Flame Tongue          Conj/Fire      ##...        6%          1    #......
b - Conjure Flame         Conj/Fire      ##......     17%         3    ###....


Dungeon Overview and Level Annotations

Branches:
Dungeon (2/15)

Altars:
Makhleb


Innate Abilities, Weirdness & Mutations

Your plain brown scales are hard. (AC +5)
You cannot fit into any form of body armour.
You are cold-blooded and may be slowed by cold attacks.


Message History

The leopard gecko barely misses you.
Items here: $ ) †† 11 gold pieces; a club; a hobgoblin corpse x2
Casting: Flame Tongue
Confirm with . or Enter, or press ? or * to list all spells.
Aiming: Flame Tongue
Press: ? - help, Shift-Dir - straight line, f - leopard gecko
Aim: a leopard gecko (clinging)
The flame tongue hits the leopard gecko.
You kill the leopard gecko!
Casting: Flame Tongue
Confirm with . or Enter, or press ? or * to list all spells.
You don't have enough magic to cast that spell.
Unknown command.
You closely miss the hobgoblin.
Your tail-slap misses the hobgoblin.
The hobgoblin hits you.
* * * LOW HITPOINT WARNING * * *
Your magical contamination has completely faded away.
You closely miss the hobgoblin. The hobgoblin hits you.
You die...

#### ## #..
..####.#
...#.####.#
#######........#
#.#g(##...#
#@##.#.#.#
#....#(##g.#.#
#.#...#)###.#.#
#.#.... #.#.#
#...8#.##[.(# .
8.. ###.(## .
..## #..#
###.#######.(#
..........(#
#######


You could see a hobgoblin.

Vanquished Creatures
  2 worms (D:2)
  4 leopard geckos
  3 orcs (D:2)
  A giant cockroach (D:1)
  8 goblins
  7 hobgoblins
  8 kobolds
  A ball python (D:1)
  7 bats
  A frilled lizard (D:1)
  2 rats (D:1)
44 creatures vanquished.

Notes
Turn   | Place    | Note
-------+----------+-------------------------------------------
     0 | D:1      | skittles the Draconian Fire Elementalist began the quest for the Orb.
     0 | D:1      | Reached XP level 1. HP: 14/14 MP: 3/3
   294 | D:1      | Reached XP level 2. HP: 20/20 MP: 3/5
  1098 | D:2      | Reached XP level 3. HP: 20/26 MP: 4/6
  1646 | D:2      | Found a burning altar of Makhleb.
  1806 | D:2      | Learned a level 3 spell: Conjure Flame
  1910 | D:2      | Slain by a hobgoblin

Skill      XL: |  1  2  3 |
---------------+----------+-----
Conjurations   | 2 |  2.1
Dodging        | |  1.7
Stealth        | |  1.7
Spellcasting   | |  2.9
Fire Magic     | |  3.6

Action                   || total
-------------------------++-------
Melee: Unarmed           ||    45
       Tailslap          ||    20
       Short sword       ||    28
       Whip              ||    78
 Cast: Flame Tongue      ||    44
  Use: Potion            ||     1
 Stab: Sleeping          ||     2
  Eat: Chunk             ||     3
Armor: Skin              ||    61
Dodge: Dodged            ||   158
